 Dungeon Crawl Stone Soup version 0.26-a0-812-g31a745ddcd (webtiles) character file.

Game seed: 11902195488802465992

137 sankara the Covert (level 5, 27/27 HPs)
             Began as a Spriggan Delver on Nov 25, 2020.
             Got out of the dungeon alive.
             The game lasted 00:09:07 (1987 turns).

sankara the Covert (Spriggan Delver)                Turns: 1987, Time: 00:09:08

Health: 27/27      AC:  7    Str:  8    XL:     5   Next: 0%
Magic:  6/6        EV: 20    Int: 11    God:
Gold:   86         SH:  0    Dex: 19    Spells: 4/4 levels left

rFire    . . .     SeeInvis +   a - +0 short sword
rCold    . . .     Faith    .   (shield restricted)
rNeg     + . .     Spirit   .   b - +0 robe
rPois    .         Reflect  .   (helmet restricted)
rElec    .         Harm     .   m - +0 cloak
rCorr    .         Rampage  .   (gloves unavailable)
MR       .....                  (boots unavailable)
Stlth    ++++......             (no amulet)
HPRegen  0.09/turn              i - ring of positive energy {rN+}
MPRegen  0.10/turn              t - +4 ring of protection

@: very quick
A: very small, unfitting armour, see invisible, speed 3
a: no special abilities


You escaped.
You visited 1 branch of the dungeon, and saw 5 of its levels.

You collected 86 gold pieces.

Inventory:

Hand Weapons
 a - a +0 short sword (weapon)
 o - a +0 hunting sling
   (You took it off a goblin on level 2 of the Dungeon)
Missiles
 n - 75 stones (quivered)
Armour
 b - a +0 robe (worn)
 m - a +0 cloak (worn)
   (You found it on level 3 of the Dungeon)
Jewellery
 i - a ring of positive energy (left hand) {rN+}
   (You found it on level 3 of the Dungeon)
 r - an uncursed ring of positive energy {rN+}
   (You found it on level 1 of the Dungeon)
 t - a +4 ring of protection (right hand)
   (You found it on level 1 of the Dungeon)
Wands
 g - a wand of digging (3)
 h - a wand of paralysis (8)
   (You found it on level 4 of the Dungeon)
 j - a wand of polymorph (4)
   (You found it on level 3 of the Dungeon)
Scrolls
 c - a scroll of fog
 d - a scroll of magic mapping {!r}
 e - a scroll of fear
 k - 2 scrolls of remove curse {unknown}
 p - a scroll of blinking {unknown}
Potions
 f - 4 potions of haste
 l - a potion of heal wounds {unknown}
 q - a potion of lignification {unknown}
 s - a potion of resistance {unknown}


   Skills:
 - Level 2.4 Fighting
 - Level 3.0 Short Blades
 + Level 4.4 Dodging
 * Level 8.9 Stealth
 + Level 2.3 Evocations


You had 4 spell levels left.
You didn't know any spells.
Your spell library was empty.

Dungeon Overview and Level Annotations

Branches:
Dungeon (5/15)
 Temple: D:4-7

Altars:
Dithmenos

Annotations:
D:4 2 transporters, Ijyb


Innate Abilities, Weirdness & Mutations

You are very small and have problems with some larger weapons.
You are too small for most types of armour.
You have supernaturally acute eyesight. (SInv)
You cover ground extremely quickly.


Message History

You kill the rat!
No target in view!
No target in view!
A dart slug comes into view.
A dart slug is nearby!
A leopard gecko comes into view.
The helpless dart slug fails to defend itself.
You stick the dart slug like a pincushion!!!
You kill the dart slug!
The helpless leopard gecko fails to defend itself.
You impale the leopard gecko!!
You kill the leopard gecko!
No target in view!
k - 2 scrolls labelled OBIWKOKAAHAU (gained 1) Key pressed, stopping explore.
A ball python comes into view.
A ball python is nearby!
The ball python hisses angrily.
You hit the ball python.
You kill the ball python!
No target in view!
No target in view!
A rat comes into view.
A rat is nearby!
The helpless rat fails to defend itself.
You skewer the rat like a kebab!!!
You kill the rat!
No target in view!
No target in view!
Key pressed, stopping explore.
Key pressed, stopping explore.
Key pressed, stopping explore.
Key pressed, stopping explore.
You now have 69 gold pieces (gained 7).
Key pressed, stopping explore.
You open the large door.
Found a staircase leading out of the dungeon.
There is a large open door here.
There is a large open door here.
There is a fountain of clear blue water here.
There is a fountain of clear blue water here.
You open the door.
There is an open door here.
s - a viscous dark potion Key pressed, stopping explore.
You open the door.
There is an open door here.
There is a fountain of clear blue water here.
There is a staircase leading out of the dungeon here.
There is a fountain of clear blue water here.
There is an open door here.
Key pressed, stopping explore.
You see here a ball python corpse.
Key pressed, stopping explore.
A frilled lizard comes into view.
A frilled lizard is nearby!
A frilled lizard is nearby!
A frilled lizard is nearby!
A frilled lizard is nearby!
A bat comes into view.
You see here 17 gold pieces.
The helpless frilled lizard fails to defend itself.
You impale the frilled lizard!!
You kill the frilled lizard!
The bat misses you.
You closely miss the bat. The bat barely misses you.
You hit the bat.
The bat is moderately wounded.
The bat hits you but does no damage. The bat misses you.
The bat hits you but does no damage.
You see here 17 gold pieces.
You miss the bat. The bat closely misses you. The bat misses you.
You miss the bat. The bat closely misses you.
You hit the bat.
You kill the bat!
No target in view!
No target in view!
You now have 86 gold pieces (gained 17).
Key pressed, stopping explore.
You open the door.
You see here a mace.
There is an open door here.
A leopard gecko comes into view.
The helpless leopard gecko fails to defend itself.
You stick the leopard gecko like a pincushion!!!
You kill the leopard gecko!
You have reached level 5!
You feel agile.
You see here a leopard gecko corpse.
t - an encrusted sapphire ring You remove your ring of positive energy {rN+}.
t - a +4 ring of protection (right hand) Done exploring.
Done exploring.
Done exploring.
There is an open door here.
There is a fountain of clear blue water here.
There is a staircase leading out of the dungeon here.
Are you sure you want to leave the Dungeon?
This will make you lose the game!
You have escaped!

#######.#..#..#........#
........#..#####.....#.#
...........#....8....#.##########
#####........##...##.............
..............##.##...###########
#####.......#..#'#....#
#.......#..#'#...##
#.........##⌠##..#
#.........'⌠@⌠'..# #
#.........##⌠##..# #
#..........#+#..## ##
#..........#+#..## .#
#.........##.##..# .#
#........##...##.# .#
#...........8....# .#
################## .#


There were no monsters in sight!

Vanquished Creatures
  A scorpion (D:4)
  A worker ant (D:4)
  2 adders
  2 worms (D:3)
  A dart slug (D:1)
  2 leopard geckos (D:1)
  5 bats
  A giant cockroach (D:4)
  4 goblins
  2 hobgoblins
  4 jackals (D:1)
  4 kobolds
  A quokka (D:2)
  A ball python (D:1)
  2 frilled lizards
  7 rats
40 creatures vanquished.

Vanquished Creatures (others)
  2 fungi (D:3)
  A plant (D:3)
  A toadstool (D:3)
4 creatures vanquished.

Grand Total: 44 creatures vanquished

Notes
Turn   | Place    | Note
-------+----------+-------------------------------------------
     0 | D:5      | sankara the Spriggan Delver began the quest for the Orb.
     0 | D:5      | Reached XP level 1. HP: 11/11 MP: 2/2
    17 | D:4      | Noticed a lemure
    17 | D:4      | Noticed a lemure
    23 | D:4      | Found a shadowy altar of Dithmenos.
    37 | D:4      | Noticed a hound
   170 | D:4      | Found a transporter.
   172 | D:4      | Reached XP level 2. HP: 16/16 MP: 3/3
   216 | D:4      | Noticed Ijyb
   259 | D:4      | Found a transporter.
   371 | D:4      | Noticed a scorpion
   379 | D:4      | Killed a scorpion
   379 | D:4      | Reached skill level 8 in Stealth
   379 | D:4      | Reached skill level 1 in Evocations
   379 | D:4      | Reached XP level 3. HP: 19/19 MP: 4/4
   392 | D:4      | Reached skill level 3 in Short Blades
   392 | D:4      | Reached skill level 4 in Dodging
   392 | D:4      | Reached XP level 4. HP: 19/23 MP: 5/5
   755 | D:3      | Reached skill level 2 in Evocations
  1877 | D:1      | Reached XP level 5. HP: 27/27 MP: 6/6
  1987 | D:$      | Got out of the dungeon alive.

Illustrated notes

Levels and vault maps discovered:
D:1:      grunt_arrival_crossed_arrows, layout_basic
D:2:      layout_basic
D:3:      layout_basic, lemuel_crystal_altar, minmay_gold_behind_fungi,
          serial_park_tiny_2, serial_bayou_pond_c, item_on_display_b
D:4:      layout_gridville, grunt_temple_overflow_open,
          gammafunk_temple_overflow_arena, serial_glass, glass_columns_c,
          glass_columns_a, uniq_ijyb, uniq_pikel
D:5:      cheibrodos_barr_body, layout_loops_corners

Skill      XL: |  1  2  3  4 |
---------------+-------------+-----
Stealth        | 8 |  8.9
Evocations     | 1 2 |  2.3
Short Blades   | 3 |  3.0
Dodging        | 4 |  4.4
Fighting       | |  2.4

Action                   |  1- 3 |  4- 6 || total
-------------------------+-------+-------++-------
Melee: Short sword       |    11 |    87 ||    98
Evoke: Wand              |     2 |     1 ||     3
 Stab: Sleeping          |     1 |    17 ||    18
       Paralysed         |     2 |     1 ||     3
Armor: Robe              |     1 |     8 ||     9
Dodge: Dodged            |     6 |    65 ||    71

Table legend: (Time is in decaauts)
 A = Elapsed time spent in this place.
 B = Non-inter-level travel time spent in this place.
 C = Inter-level travel time spent in this place.
 D = Time resting spent in this place.
 E = Time spent auto-exploring this place.
 F = Levels seen in this place.
 G = Mean time per level.
                   A        B        C        D        E       F      G
               +--------+--------+--------+--------+--------+-----+--------+
         Total |   1450 |   1395 |     55 |    309 |    552 |   5 |  290.0 |
       Dungeon |   1450 |   1395 |     55 |    309 |    552 |   5 |  290.0 |
               +--------+--------+--------+--------+--------+-----+--------+

Top non-repeatable levels by time:
     D:1: 541 daAuts
     D:4: 508 daAuts
     D:3: 214 daAuts
     D:2: 180 daAuts
     D:5: 5 daAuts

Table legend:
 A = Kills in this place as a percentage of kills in entire the game.
 B = Kills by you in this place as a percentage of kills by you in the entire game.
 C = Kills by friends in this place as a percentage of kills by friends in the entire game.
 D = Other kills in this place as a percentage of other kills in the entire game.
 E = Experience gained in this place as a percentage of experience gained in the entire game.
 F = Experience gained in this place divided by the number of levels of this place that you have seen.
                   A       B       C       D       E      F
               +-------+-------+-------+-------+-------+----------------------
         Total | 100.0 | 100.0 |   N/A |   N/A | 100.0 |  39.4
       Dungeon | 100.0 | 100.0 |   N/A |   N/A | 100.0 |  39.4
               +-------+-------+-------+-------+-------+----------------------
